Map: Alcyone LE

Players

Devilofcain - Winner!

  • Race: Terran Terran
  • League: Gold
  • Spawn Location: 7:00

sitomanboy

  • Race: Protoss Protoss
  • League: Silver
  • Spawn Location: 1:00

VOD

Have the link to the VOD?

Description

Time

  • Played on: May 28, 2024, 9:13 p.m.
  • Length: 11:56
Show
View Real Time Build Order
Export as new Build Order

Devilofcain Terran - Winner!

Build Orders:  

Get SALT Encoding   

  12  0:01  SCV  
  14  0:14  SCV  
  14  0:19  Supply Depot  
  14  0:28  SCV  
  15  0:41  Barracks, SCV  
  16  0:48  Refinery  
  16  0:53  SCV  
  17  1:11  Refinery  
  17  1:36  Reaper  
  18  1:40  Barracks  
  18  2:25  Barracks  
  18  2:28  Barracks Reactor  
  18  2:34  Supply Depot  
  18  2:38  Barracks Reactor  
  17  4:08  Marine x4  
  21  4:52  Command Center  
  20  5:02  Factory, Barracks Tech Lab  
  20  5:10  Supply Depot  
  20  5:11  Supply Depot  
  20  5:25  Orbital Command  
  20  5:31  Marine x3  
  20  5:33  Marine  
  24  5:47  Combat Shield  
  24  5:49  Marine x2  
  26  5:50  Starport  
  26  5:51  Factory Reactor  
  26  5:52  Factory Tech Lab  
  26  5:57  SCV  
  27  6:09  SCV  
  28  6:22  SCV  
  26  6:34  SCV  
  26  6:38  Siege Tank  
  30  6:42  Marine  
  30  6:43  Marine x4  
  30  6:46  SCV  
  36  6:58  Starport Tech Lab  
  36  7:00  Marine x2  
  38  7:08  Fusion Core  
  38  7:13  SCV  
  39  7:25  SCV  
  38  7:37  SCV  
  39  7:47  Barracks Reactor  
  39  7:48  Stimpack  
  39  7:49  SCV  
  40  7:55  Battlecruiser  
  46  8:30  Supply Depot x2  
  46  8:31  Supply Depot  
  46  8:35  Supply Depot  
  46  8:36  Refinery  
  46  8:39  Refinery  
  46  8:50  Weapon Refit  
  46  8:51  SCV, Marine x4, Siege Tank  
  53  9:09  Marine x3  
  54  9:21  SCV  
  55  9:27  Battlecruiser, Marine x2  
  63  9:33  SCV  
  64  9:44  Marine x2  
  66  9:45  SCV  
  67  9:58  SCV  
  63  10:10  SCV  
  57  10:24  Marine  
  57  10:25  Marine x4  
  62  10:42  Command Center  
Show
View Real Time Build Order
Export as new Build Order

sitomanboy Protoss 

Build Orders:  

Get SALT Encoding   

  12  0:01  Probe  
  13  0:13  Probe  
  14  0:22  Pylon  
  14  0:25  Probe  
  15  0:40  Probe  
  16  0:43  Gateway  
  16  0:53  Probe  
  17  1:05  Probe  
  17  1:09  Forge  
  18  1:12  Pylon  
  18  1:18  Probe  
  19  1:25  Pylon  
  19  1:32  Probe  
  20  1:33  Zealot  
  20  1:38  Pylon  
  22  1:44  Photon Cannon  
  22  1:52  Photon Cannon  
  21  2:09  Probe  
  21  2:14  Assimilator  
  22  2:24  Assimilator  
  22  2:32  Probe  
  22  2:36  Zealot  
  25  2:38  Cybernetics Core  
  25  2:43  Photon Cannon  
  24  2:52  Pylon  
  21  3:18  Photon Cannon  
  21  3:20  Photon Cannon  
  21  3:22  Probe  
  20  3:34  Probe  
  21  3:51  Zealot  
  21  3:55  Probe  
  22  4:11  Probe  
  23  4:17  Gateway  
  23  4:21  Stalker  
  25  4:27  Warp Gate (Chrono Boost)  
  25  4:29  Probe  
  24  4:39  Pylon  
  22  4:55  Probe (Chrono Boost)  
  23  5:05  Probe (Chrono Boost)  
  24  5:09  Gateway  
  24  5:10  Gateway  
  24  5:17  Zealot  
  26  5:23  Protoss Ground Weapons Level 1  
  26  5:35  Robotics Facility  
  26  5:45  Pylon  
  26  6:07  Gateway  
  26  6:09  Gateway  
  26  6:15  Probe  
  27  6:23  Stalker x2  
  31  6:25  Observer  
  32  6:33  Shield Battery  
  32  7:07  Stalker x2  
  32  7:08  Stalker x2  
  40  7:50  Warp Prism  
  42  7:55  Nexus  
  42  8:10  Shield Battery  
  41  8:22  Pylon  
  41  8:26  Observer  
  42  8:28  Pylon  
  42  8:31  Pylon  
  42  8:35  Twilight Council  
  42  8:48  Stalker  
  42  8:49  Stalker  
  36  9:24  Probe x2  
  38  9:37  Probe (Chrono Boost)  
  40  9:41  Probe (Chrono Boost)  
  41  9:47  Probe (Chrono Boost), Photon Cannon  
  41  9:50  Probe (Chrono Boost)  
  41  9:52  Probe (Chrono Boost)  
  43  10:01  Probe  
  44  10:13  Probe  
  32  10:26  Probe  
  32  10:27  Gateway, Probe  
  32  10:28  Gateway  
  34  10:34  Pylon  
  34  10:38  Probe  
  34  10:39  Probe  
  36  10:50  Probe  
  36  10:51  Probe  
  38  11:01  Stalker x2  
  38  11:03  Probe  
  41  11:08  Stalker  
  39  11:17  Stalker  
  33  11:32  Stalker  
Tags
 
Matchup
PvT
Spawn Locations
Cross Positions
Add a new tag
Caveats
  • Supply blocks, unpowered buildings, or Contaminate may cause inaccurate times.
  • Supply counts are checked every 10 seconds.